 Dungeon Crawl Stone Soup version 0.31-a0-246-g8cbcc1cb85 (webtiles) character file.

Game seed: 1736884738539079022

44 qw the Shooter (level 3, 0/21 HPs)
             Began as a Gargoyle Hexslinger on July 12, 2023.
             Slain by a hobgoblin (5 damage)
             ... led by Robin
             ... on level 2 of the Dungeon.
             The game lasted 00:00:32 (1138 turns).

qw the Shooter (Gargoyle Hexslinger)                Turns: 1138, Time: 00:00:33

Health: 0/21       AC:  8    Str: 17    XL:     3   Next: 60%
Magic:  4/4        EV: 11    Int: 13    God:
Gold:   30         SH:  0    Dex: 14    Spells: 3/4 levels left

rFire   . . .        Y - +1 sling
rCold   . . .        (no shield)
rNeg    + . .        g - +0 ring mail
rPois   inf          (no helmet)
rElec   +            (no cloak)
rCorr   .            (no gloves)
SInv    .            (no boots)
Will    .....        (no amulet)
Stlth   +            a - +6 ring of strength
HPRegen 0.23/turn    (no ring)
MPRegen 0.09/turn

%: no passive effects
@: no status effects
A: sickness immunity, AC +3, negative energy resistance 1, electricity
resistance, torment resistance 1, petrification resistance
a: no special abilities


You were on level 2 of the Dungeon.
You visited 1 branch of the dungeon, and saw 2 of its levels.

You collected 30 gold pieces.


Innate Abilities, Weirdness & Mutations

You are immune to sickness and miasma.
Your stone body is resilient. (AC +3)
You are immune to poison.
You resist negative energy. (rN+)
You are resistant to electric shocks. (rElec)
You are resistant to unholy torment.
You are immune to petrification.


   Skills:
 - Level 2.0 Fighting
 + Level 3.5 Ranged Weapons
 - Level 1.5 Dodging
 - Level 1.0 Spellcasting
 - Level 2.6 Hexes


You had 3 spell levels left.
You knew the following spells:

 Your Spells              Type           Power      Damage    Failure   Level
a - Slow                  Hex            28%        N/A       17%         1

Your spell library contained the following spells:

 Spells                   Type           Power      Damage    Failure   Level
 Inner Flame              Hex/Fire       4%         N/A       65%         3
 Portal Projectile        Hex/Tloc       8%         N/A       65%         3
 Cause Fear               Hex            3%         N/A       86%         4

Inventory:

Hand Weapons
 Y - a +1 sling (weapon)
Armour
 g - a +0 ring mail (worn)
Jewellery
 a - a +6 ring of strength (left hand)
Scrolls
 b - a scroll of identify
Potions
 d - a potion of might {unknown}
 h - a potion of curing {unknown}

Dungeon Overview and Level Annotations

Branches:
Dungeon (2/15)

Altars:

Annotations:
D:2 Robin


Message History

You shoot a sling bullet. The sling bullet hits the hobgoblin.
You kill the hobgoblin!
Robin barely misses you.
You shoot a sling bullet.
The sling bullet barely misses the hobgoblin.
Robin hits you from afar with a +3 spear of flaming.
Robin burns you.
The hobgoblin hits you but does no damage.
You shoot a sling bullet.
The sling bullet barely misses the hobgoblin.
The sling bullet barely misses the goblin.
Robin hits you but does no damage.
You shoot a sling bullet. The sling bullet hits the hobgoblin.
The hobgoblin is heavily wounded.
Robin barely misses you.
The hobgoblin hits you but does no damage.
Robin barely misses you. The goblin barely misses you.
The hobgoblin barely misses you.
You shoot a sling bullet.
The sling bullet barely misses the hobgoblin.
The goblin hits you with a +0 club.
The hobgoblin hits you but does no damage.
You shoot a sling bullet.
The sling bullet hits the hobgoblin but does no damage.
The hobgoblin is moderately wounded.
Robin says, "We wiped out the hill dwarves - you're next!"
Robin hits you from afar with a +3 spear of flaming.
Robin burns you. The goblin barely misses you. The hobgoblin barely misses you.
You shoot a sling bullet. The sling bullet hits the hobgoblin.
The hobgoblin is severely wounded.
Robin hits you from afar with a +3 spear of flaming.
Robin burns you. The goblin hits you but does no damage.
The hobgoblin hits you but does no damage.
Robin hits you from afar with a +3 spear of flaming.
Robin burns you. The goblin completely misses you.
The hobgoblin barely misses you.
You shoot a sling bullet.
The sling bullet barely misses the hobgoblin.
Robin misses you. The goblin hits you with a +0 club. The hobgoblin hits you.
You die...

#####
#gg@#
#.gg#g#
#.. #.#
... #<#
.)) ###
.. .


You could see Robin, 2 hobgoblins and 2 goblins.

Vanquished Creatures
  7 bats (D:1)
  4 endoplasms (D:1)
  A giant cockroach (D:1)
  9 goblins
  5 hobgoblins
  3 quokkas (D:1)
  2 ball pythons (D:1)
  3 kobolds (D:1)
  A rat (D:1)
35 creatures vanquished.

Notes
Turn   | Place    | Note
-------+----------+-------------------------------------------
     0 | D:1      | qw the Gargoyle Hexslinger began the quest for the Orb.
     0 | D:1      | Reached XP level 1. HP: 12/12 MP: 2/2
     0 | D:1      | 0 ||| qw: Version: 0.3-a-52-g30416fa
     0 | D:1      | 0 ||| qw: Game counter: 6390
     0 | D:1      | 0 ||| qw: Melee chars always use a shield: true
     0 | D:1      | 0 ||| qw: God list: Okawaru
     0 | D:1      | 0 ||| qw: Allow faded altars: false
     0 | D:1      | 0 ||| qw: Do Orc after clearing Dungeon:15 true
     0 | D:1      | 0 ||| qw: Do second Lair branch before Depths: true
     0 | D:1      | 0 ||| qw: Lair rune preference: random
     0 | D:1      | 0 ||| qw: Goals: Normal
     0 | D:1      | 0 ||| PLANNING D:1-11
   170 | D:1      | Reached XP level 2. HP: 16/16 MP: 3/3
   277 | D:1      | Reached skill level 3 in Ranged Weapons
   523 | D:1      | Reached XP level 3. HP: 21/21 MP: 4/4
   588 | D:1      | 588 ||| UPGRADING to +0 ring mail.
   598 | D:1      | 598 ||| DROPPING +0 robe.
   599 | D:1      | 599 ||| READING scroll labelled LOVEXZUESENE.
   629 | D:1      | 629 ||| READING scroll labelled SER ECLISTRU.
   630 | D:1      | 630 ||| READING scroll labelled KIWACEF LALIMA.
   742 | D:1      | 742 ||| UPGRADING to +6 ring of strength.
   743 | D:1      | 743 ||| DROPPING scroll of poison.
  1122 | D:2      | Noticed Robin
  1138 | D:2      | HP: 5/21 [goblin/+0 club[Robin] (3)]
  1138 | D:2      | Slain by a hobgoblin

Levels and vault maps discovered:
D:1:      dpeg_arrival_chambers_temple_mockup, layout_basic,
          serial_co_window_serial, co_window_paths_a, co_window_paths_a,
          co_window_of_opportunity_a, co_window_of_opportunity_a,
          co_window_paths_a, co_window_broadway_a, co_window_of_opportunity_c,
          co_window_broadway_c
D:2:      layout_basic, ebering_ecumenical_altar_ruins,
          corexii_item_surrounded_by_moat, uniq_robin

Skill      XL: |  1  2 |
---------------+-------+-----
Ranged Weapons | 3 |  3.5
Fighting       | 2 |  2.0
Dodging        | |  1.5
Spellcasting   | |  1.0
Hexes          | |  2.6

Action                     || total
---------------------------++-------
   Fire: Sling             ||   115
    Use: Scroll            ||     3
 Armour: Robe              ||    17
         Ring mail         ||    15
  Dodge: Dodged            ||    54

Table legend:
 A = Non-vault XP
 B = Vault XP
 C = Vault XP percentage of total XP
 D = Non-vault monster count
 E = Vault monster count
 F = Vault count percentage of total count
                 A         B        C        D         E       F
            +---------+---------+-------+---------+---------+-------
      Total |      51 |      12 |  19.0 |      29 |       6 |  17.1
            +---------+---------+-------+---------+---------+-------
        D:1 |      51 |       0 |   0.0 |      29 |       0 |   0.0
        D:2 |       0 |      12 | 100.0 |       0 |       6 | 100.0
            +---------+---------+-------+---------+---------+-------
